 Dungeon Crawl Stone Soup version 0.26-a0-812-g31a745ddcd (webtiles) character file.

Game seed: 1107358969843545922

67 kae the Ruffian (level 4, -6/40 HPs)
             Began as a Troll Transmuter on Nov 16, 2020.
             Mangled by a centaur (10 damage)
             ... on level 3 of the Dungeon.
             The game lasted 00:00:40 (1314 turns).

kae the Ruffian (Troll Transmuter)                  Turns: 1314, Time: 00:00:40

Health: -6/40      AC:  6    Str: 19    XL:     4   Next: 0%
Magic:  3/4        EV: 10    Int:  9    God:
Gold:   188        SH:  0    Dex: 10    Spells: 4/5 levels left

rFire    . . .     SeeInvis .     - Unarmed
rCold    . . .     Faith    .   (no shield)
rNeg     . . .     Spirit   .   a - +0 robe
rPois    .         Reflect  .   (helmet restricted)
rElec    .         Harm     .   (no cloak)
rCorr    .         Rampage  .   (gloves unavailable)
MR       .....                  (boots unavailable)
Stlth    +.........             (no amulet)
HPRegen  0.53/turn              (no ring)
MPRegen  0.09/turn              (no ring)

@: no status effects
A: large, unfitting armour, claws 3, regeneration 1, shaggy fur 1, tough skin 3
a: no special abilities


You were on level 3 of the Dungeon.
You visited 1 branch of the dungeon, and saw 3 of its levels.

You collected 188 gold pieces.

Inventory:

Armour
 a - a +0 robe (worn)
Jewellery
 l - an uncursed ring of stealth {unknown}
Scrolls
 d - a scroll of immolation {unknown}
 e - 2 scrolls of identify {unknown}
 f - 2 scrolls of enchant armour {unknown}
 g - a scroll of fear {unknown}
 h - a scroll of teleportation {unknown}
 i - 2 scrolls of enchant weapon {unknown}
 j - a scroll of amnesia {unknown}
 k - a scroll of remove curse {unknown}
Potions
 b - 2 potions of resistance {unknown}
 c - a potion of ambrosia {unknown}


   Skills:
 - Level 0.7 Fighting
 - Level 1.5 Dodging
 + Level 3.7 Unarmed Combat
 - Level 1.2 Spellcasting
 * Level 2.7 Transmutations


You had 4 spell levels left.
You knew the following spells:

 Your Spells              Type           Power        Failure   Level
a - Beastly Appendage     Tmut           #.....       12%         1

Your spell library contained the following spells:

 Spells                   Type           Power        Failure   Level
 Wereblood                Tmut           #.......     17%         2
 Spider Form              Tmut/Pois      #.........   52%         3
 Ice Form                 Ice/Tmut       #.......     90%         4
 Blade Hands              Tmut           #.........   97%         5


Dungeon Overview and Level Annotations

Branches:
Dungeon (3/15)

Altars:
Ashenzari
Dithmenos
Uskayaw
Xom
Zin
The Shining One


Innate Abilities, Weirdness & Mutations

You are too large for most types of armour.
You have claws for hands.
Your natural rate of healing is unusually fast.
You are covered in fur. (AC +1)
You have extremely tough skin. (AC +3)


Message History

You have reached level 4!
The centaur shoots an arrow.
The arrow barely misses you.
You see here a hobgoblin corpse.
You scratch the centaur.
The centaur is lightly wounded.
The centaur unwields a +0 shortbow.
The centaur hits you. The centaur barely misses you.
You closely miss the centaur. The centaur closely misses you.
You scratch the centaur.
The centaur is moderately wounded.
The centaur hits you! The centaur barely misses you.
You closely miss the centaur.
The centaur is moderately wounded.
The centaur hits you!
* * * LOW HITPOINT WARNING * * *
You claw the centaur!
The centaur is almost dead.
The centaur hits you but does no damage.
The centaur hits you!
You die...

##.#..†#.......#
#..##.#...†...# #.
#..............# ...
###..#⌠.##+#..⌠#..#
##.#.## ####..#
#....# #..c..# ###..#
#.....#
######.#####)#...###
#....(....@c((......#
...............$.....
..>..................
..#####...#####...###
. #...# ...# #...#
#.## #...# .# #...#
.# .....


You could see a centaur.

Vanquished Creatures
  An adder (D:3)
  2 worms (D:2)
  2 dart slugs
  2 leopard geckos (D:2)
  An orc (D:3)
  5 bats
  2 giant cockroaches
  4 goblins
  5 hobgoblins
  6 jackals
  5 kobolds
  A quokka (D:2)
  2 frilled lizards
  5 rats
43 creatures vanquished.

Notes
Turn   | Place    | Note
-------+----------+-------------------------------------------
     0 | D:1      | kae the Troll Transmuter began the quest for the Orb.
     0 | D:1      | Reached XP level 1. HP: 18/18 MP: 1/1
   100 | D:1      | Reached XP level 2. HP: 25/26 MP: 0/2
   646 | D:2      | Reached XP level 3. HP: 15/32 MP: 3/3
   772 | D:2      | Found an iron altar of Okawaru.
   774 | D:2      | Found a shadowy altar of Dithmenos.
   774 | D:2      | Found a glowing golden altar of the Shining One.
   776 | D:2      | Found a hide-covered altar of Uskayaw.
   776 | D:2      | Found a shimmering altar of Xom.
   776 | D:2      | Found a glowing silver altar of Zin.
  1267 | D:3      | Found a broken altar of Ashenzari.
  1302 | D:3      | Noticed a centaur
  1308 | D:3      | Reached XP level 4. HP: 21/40 MP: 2/4
  1314 | D:3      | Mangled by a centaur

Illustrated notes

Levels and vault maps discovered:
D:1:      mrwooster_arrival_statue_3, layout_rooms
D:2:      layout_basic, doesnt_xom_only_xom
D:3:      layout_loops_cross, evilmike_ruin_ashenzari

Skill      XL: |  1  2 |
---------------+-------+-----
Transmutations | 2 |  2.7
Fighting       | |  0.7
Dodging        | |  1.5
Unarmed Combat | |  3.7
Spellcasting   | |  1.2

Action                   |  1- 3 |  4- 6 || total
-------------------------+-------+-------++-------
Melee: Unarmed           |    86 |     5 ||    91
       Kick              |     7 |       ||     7
       Headbutt          |     4 |       ||     4
       Punch             |     1 |       ||     1
 Cast: Beastly Appendage |    13 |       ||    13
 Stab: Sleeping          |     1 |       ||     1
Armor: Robe              |    44 |     1 ||    45
Dodge: Dodged            |    62 |     4 ||    66

Table legend: (Time is in decaauts)
 A = Elapsed time spent in this place.
 B = Non-inter-level travel time spent in this place.
 C = Inter-level travel time spent in this place.
 D = Time resting spent in this place.
 E = Time spent auto-exploring this place.
 F = Levels seen in this place.
 G = Mean time per level.
                   A        B        C        D        E       F      G
               +--------+--------+--------+--------+--------+-----+--------+
         Total |   1308 |   1212 |     96 |      0 |    968 |   3 |  436.0 |
       Dungeon |   1308 |   1212 |     96 |      0 |    968 |   3 |  436.0 |
               +--------+--------+--------+--------+--------+-----+--------+

Top non-repeatable levels by time:
     D:2: 609 daAuts
     D:1: 599 daAuts
     D:3: 100 daAuts
